 Dungeon Crawl Stone Soup version 0.26-a0-366-gd6aadd2 (webtiles) character file.

Game seed: 16724350646053288509

46 MrTaco21 the Cudgeler (level 3, 0/23 HPs)
             Began as a Gargoyle Fighter on July 19, 2020.
             Slain by a gnoll shaman
             ... wielding a +0 club
              (7 damage)
             ... on level 4 of the Dungeon.
             The game lasted 00:02:42 (1848 turns).

MrTaco21 the Cudgeler (Gargoyle Fighter)            Turns: 1848, Time: 00:02:42

Health: 0/23       AC: 12    Str: 20    XL:     3   Next: 68%
Magic:  3/3        EV:  7    Int:  8    God:
Gold:   185        SH:  9    Dex:  9    Spells: 2/2 levels left

rFire    . . .     SeeInvis .   i - +0 whip (curse)
rCold    . . .     Faith    .   c - +0 kite shield
rNeg     + . .     Spirit   .   b - +0 scale mail
rPois    ∞         Reflect  .   h - +1 hat
rElec    +         Harm     .   (no cloak)
rCorr    .                      j - +0 pair of gloves
MR       .....                  (no boots)
Stlth    ..........             (no amulet)
HPRegen  0.07/turn              (no ring)
MPRegen  0.08/turn              (no ring)

@: no status effects
A: negative energy resistance 1, electricity resistance, unbreathing,
petrification resistance, rot immunity, AC +3
a: no special abilities


You were on level 4 of the Dungeon.
You visited 1 branch of the dungeon, and saw 3 of its levels.

You collected 185 gold pieces.

Inventory:

Hand Weapons
 a - a +0 flail
 i - a cursed +0 whip (weapon)
   (You found it on level 1 of the Dungeon)
Armour
 b - a +0 scale mail (worn)
 c - a +0 kite shield (worn)
 h - a +1 hat (worn)
   (You found it on level 1 of the Dungeon)
 j - a +0 pair of gloves (worn)
   (You found it on level 2 of the Dungeon)
Scrolls
 e - a scroll of teleportation {unknown}
 k - 3 scrolls of remove curse {unknown}
 l - a scroll of enchant armour {unknown}
 n - a scroll of amnesia {unknown}
Potions
 d - a potion of might
 f - 3 potions of haste {unknown}
 g - a potion of heal wounds {unknown}
 m - a potion of brilliance {unknown}


   Skills:
 - Level 3.2 Fighting
 + Level 3.9 Maces & Flails
 - Level 3.2 Armour
 - Level 3.2 Shields


You had 2 spell levels left.
You didn't know any spells.
Your spell library was empty.

Dungeon Overview and Level Annotations

Branches:
Dungeon (2/15)             Temple (0/1) D:4

Altars:

Annotations:
D:4 Blork the orc


Innate Abilities, Weirdness & Mutations

You are resistant to torment.
Your stone body is resilient. (AC +3)
You are immune to poison.
You resist negative energy. (rN+)
You are resistant to electric shocks. (rElec)
You can survive without breathing.
You are immune to petrification.
You are immune to rotting.


Message History

The leopard gecko skeleton bites you but does no damage.
You hit the leopard gecko skeleton but do no damage.
Blork the orc barely misses you. The gnoll hits you but does no damage.
You block the gnoll's attack. The gnoll closely misses you.
Blork the orc hits you but does no damage.
The leopard gecko skeleton bites you but does no damage.
Unknown command.
Unknown command.
You barely miss the leopard gecko skeleton.
The gnoll hits you from afar with a +0 spear.
You block the gnoll's attack.
Blork the orc screams, "I'll eat your brain!
And then I'll vomit it back up!"
You block Blork the orc's attack. The gnoll closely misses you.
The gnoll hits you but does no damage.
The leopard gecko skeleton bites you but does no damage.
Unknown command.
You hit the leopard gecko skeleton. You block Blork the orc's attack.
An orc comes into view. It is wielding a +2 mace of venom.
The gnoll hits you but does no damage. You block the gnoll's attack. x2
Blork the orc hits you but does no damage.
The leopard gecko skeleton bites you.
The orc shouts!
You hit the leopard gecko skeleton.
You destroy the leopard gecko skeleton!
You block the gnoll's attack. x2; Blork the orc barely misses you.
The gnoll barely misses you.
Unknown command.
You barely miss the orc priest.
Blork the orc hits you but does no damage.
The gnoll barely misses you.
The orc priest hits you but does no damage.
The gnoll hits you from afar with a +0 spear.
Blork the orc hits you with a +0 short sword.
An orc comes into view. It is wielding a +0 mace.
The gnoll hits you but does no damage.
The orc shouts!
You hit the orc priest.
Blork the orc miscasts a cantrip.
The gnoll hits you but does no damage.
The orc priest invokes the aid of Beogh against you.
Pain shoots through your body! The gnoll hits you but does no damage.
The gnoll hits you from afar with a +0 spear.
* * * LOW HITPOINT WARNING * * *
Unknown command.
You hit the orc priest.
Blork the orc hits you with a +0 short sword.
* * * LOW HITPOINT WARNING * * *
The gnoll hits you but does no damage. You block the orc priest's attack.
The gnoll shaman hits you with a +0 club!
You die...

####### .....# #########
#....#
.#.#..gg...####....#####
...o.gog..[.......(.....
#..ogg@o..####....####
###.##########....## ##
.. ..........##.. #
###.....#.##..
#.[......#..
#....#.#....
#...###.#....
...###...##..# .#.
......#..#


You could see Blork the orc (fast), a gnoll shaman, an orc priest, 5 gnolls and
2 orcs.

Vanquished Creatures
  2 leopard geckos (D:1)
  An orc (D:2)
  A bat (D:2)
  3 giant cockroaches
  4 hobgoblins
  4 jackals (D:1)
  2 frilled lizards (D:1)
  7 goblins
  8 kobolds
  A leopard gecko skeleton (D:4)
  6 rats
39 creatures vanquished.

Vanquished Creatures (others)
  An orc (D:4)
  A quokka (D:4)
2 creatures vanquished.

Grand Total: 41 creatures vanquished

Notes
Turn   | Place    | Note
-------+----------+-------------------------------------------
     0 | D:1      | MrTaco21 the Gargoyle Fighter began the quest for the Orb.
     0 | D:1      | Reached XP level 1. HP: 14/14 MP: 1/1
   325 | D:1      | Reached XP level 2. HP: 19/19 MP: 2/2
   869 | D:1      | You fall into a shaft and drop 1 floor!
   940 | D:1      | Reached XP level 3. HP: 23/23 MP: 3/3
  1818 | D:2      | You fall into a shaft and drop 2 floors!
  1820 | D:4      | Found a staircase to the Ecumenical Temple.
  1820 | D:4      | Noticed Blork the orc
  1848 | D:4      | Slain by a gnoll shaman

Illustrated notes

Levels and vault maps discovered:
D:1:      doesnt_arrival_eight_statues, layout_loops_ring,
          chequers_serial_rivers_large_a, minmay_misc_feat_diagonals
D:2:      layout_basic
D:4:      layout_basic, xom_confusion_cloud, minmay_temple_entry_slanted,
          uniq_blork_the_orc

Skill      XL: |  1  2 |
---------------+-------+-----
Maces & Flails | 3 |  3.9
Fighting       | |  3.2
Armour         | |  3.2
Shields        | |  3.2

Action                   || total
-------------------------++-------
Melee: Flail             ||    62
       Whip              ||    99
Armor: Scale mail        ||   124
Dodge: Dodged            ||    50
Block: Kite shield       ||    93

Table legend: (Time is in decaauts)
 A = Elapsed time spent in this place.
 B = Non-inter-level travel time spent in this place.
 C = Inter-level travel time spent in this place.
 D = Time resting spent in this place.
 E = Time spent auto-exploring this place.
 F = Levels seen in this place.
 G = Mean time per level.
                   A        B        C        D        E       F      G
               +--------+--------+--------+--------+--------+-----+--------+
         Total |   1877 |   1859 |     18 |    379 |   1123 |   3 |  625.7 |
       Dungeon |   1877 |   1859 |     18 |    379 |   1123 |   3 |  625.7 |
               +--------+--------+--------+--------+--------+-----+--------+
